[Event "Allsvenskan Div II 5 2021/2022: SS Manhem II - SK Proletaren"]
[Site "Schackcentrum, Vegatan 20, Gothenburg, Sweden"]
[Date "2022.04.10"]
[Round "1.1"]
[White "Ulff, Johan"]
[Black "Lisander, Stefan"]
[Result "1-0"]
[TimeControl "90 minutes for 40 moves + 30 minutes for the rest of the game + 30 seconds per move from move one."]
[WhiteFideId "1733893"]
[BlackFideId "1711733"]
[WhiteElo "2114"]
[BlackElo "2055"]

1. d4 d5 2. Bf4 Nf6 3. e3 e6 4. Nf3 Be7 5. Ne5 O-O 6. Bd3 c5 7. c3 Nc6 8. Nd2 Nd7 9. Qh5 f5 10.
h4 Nf6 11. Qe2 Ne4 12. h5 Nxe5 13. dxe5 Bd7 14. g4 Rc8 15. gxf5 exf5 16. Nf3 Be6 17. Rg1 Rc6 18. Bh6 Rf7 19.
Bxe4 fxe4 20. Ng5 Bxg5 21. Bxg5 Qa5 22. Qd2 Qa6 23. h6 g6 24. Bf6 Qd3 25. Qxd3 exd3 26. Kd2 c4 27. b4 Bf5 28. a4 Bd7 29. f3 Bf5 30.
Rg5 Kf8 31. b5 Rc8 32. Rgg1 Ke8 33. Rge1 Kd7 34. e4 dxe4 35. fxe4 Be6 36. Ke3 Kc7 37. Ra2 Rd7 38. a5 Rg8 39.
Rg2 Ra8 40. Rh1 a6 41. Rb1 axb5 42. Rxb5 Ra6 43. Rgb2 Kc8 44. Kd2 Rf7 45. Rb6 g5 46. Rxa6 bxa6 47. Rb6 g4 48. Rxe6 Kd7 49.
Rxa6 g3 50. e6+ 1-0

[Event "Allsvenskan Div II 5 2021/2022: SS Manhem II - SK Proletaren"]
[Site "Schackcentrum, Vegatan 20, Gothenburg, Sweden"]
[Date "2022.04.10"]
[Round "1.2"]
[White "Svensson, Lars"]
[Black "Naglic, Zdenko"]
[Result "1-0"]
[TimeControl "90 minutes for 40 moves + 30 minutes for the rest of the game + 30 seconds per move from move one."]
[WhiteFideId "1734466"]
[BlackFideId "1712047"]
[WhiteElo "2019"]
[BlackElo "1619"]

1. e4 c5 2. Nf3 g6 3.
d4 cxd4 4. Nxd4 Bg7 5. Be3 Nc6 6. c4 d6 7. Nc3 Nf6 8. Be2 a6 9. Nc2 Bd7 10. O-O Rc8 11.
Na4 Na5 12. Bb6 Rc7 13. Nc3 Nc6 14. Ne3 Qb8 15. Bxc7 Qxc7 16. Rc1 O-O 17. Ned5 Qd8 18. Nxf6+ Bxf6 19. Qd2 Nd4 20.
Bd3 e5 21. Rcd1 Bg5 22. Qe1 Bf4 23.
f3 Bc6 24. Kh1 f5 25. Ne2 fxe4 26. Bxe4 Bxe4 27. Nxd4 exd4 28. Qxe4 Be3 29. Qxb7 Qa5 30. a3 Qa4 31. Qd5+ Kg7 32. Rxd4 Bxd4 33.
Qxd4+ Rf6 34. Re1 Qd7 35. c5 Kf7 36. Qd5+ Kf8 37. c6 Qc7 38. b4 Rf5 39. Qe4 d5 40. Qe8+ Kg7 41. Re7+ Kh6 42. Rxc7 a5 43. Qe3+ g5 44. Qe6+ 1-0

[Event "Allsvenskan Div II 5 2021/2022: SS Manhem II - SK Proletaren"]
[Site "Schackcentrum, Vegatan 20, Gothenburg, Sweden"]
[Date "2022.04.10"]
[Round "1.3"]
[White "Funksjo, Andreas"]
[Black "Andreasson, Vincent"]
[Result "1/2-1/2"]
[TimeControl "90 minutes for 40 moves + 30 minutes for the rest of the game + 30 seconds per move from move one."]
[WhiteFideId "1731742"]
[BlackFideId "1721321"]
[WhiteElo "1721"]
[BlackElo "1993"]

1. c4 c6 2. Nf3 d5 3. b3 Bf5 4. g3 Nf6 5. Bg2 e6 6. O-O Be7 7. d3 O-O 8. Nbd2 h6 9. Bb2 Nbd7 10.
Re1 Bh7 11. e4 dxe4 12. Nxe4 Nxe4 13. dxe4 Nc5 14. Nd4 e5 15. Nf5 Bxf5 16. exf5 Nd3 17. Re2 Nxb2 18. Rxb2 Bc5 19. Re2 Qf6 20.
Be4 Rad8 21. Qc2 Rd6 22. Rd1 Rfd8 23. Red2 Rd4 24. Kg2 Kf8 25. Rxd4 exd4 26. Qd3 Qe5 27. f4 Qe7 28. Re1 Re8 29.
Re2 Qd8 30. h4 Qa5 31. g4 Qc3 32. Qxc3 dxc3 33. Kf3 Rd8 34. g5 Rd2 35. h5 f6 36. g6 Ba3 37. Bc2 Bc1 38. Rxd2 Bxd2 39.
b4 Ke7 40. Ke4 b6 41. a4 Kd6 42. Kf3 a5 43. b5 Kc5 44. Ke4 cxb5 45. cxb5 Kc4 46. Bd1 Bc1 47. Bc2 Ba3 48. Bd1 Bd6 1/2-1/2

[Event "Allsvenskan Div II 5 2021/2022: SS Manhem II - SK Proletaren"]
[Site "Schackcentrum, Vegatan 20, Gothenburg, Sweden"]
[Date "2022.04.10"]
[Round "1.4"]
[White "Abrahamsson, Patrik"]
[Black "Magnusarson Borhammar, Emil"]
[Result "1-0"]
[TimeControl "90 minutes for 40 moves + 30 minutes for the rest of the game + 30 seconds per move from move one."]
[WhiteFideId "1716484"]
[BlackFideId "1746910"]
[WhiteElo "1993"]
[BlackElo "1679"]

1. e4 e5 2. Nf3 Nc6 3. Bb5 Nf6 4. d4 a6 5. Ba4 b5 6. Bb3 Na5 7. dxe5 Nxb3 8. axb3 Ng8 9. O-O h6 10.
Nc3 Ne7 11. Nxb5 Bb7 12. Nc3 Ng6 13. Be3 Be7 14. Nd5 O-O 15. Qd4 Re8 16. Qc4 Rc8 17. Rfd1 Nf8 18. Bc5 Bxc5 19. Qxc5 Ne6 20.
Qb4 Rb8 21. Qc4 Kh8 22. Rd2 Ra8 23. Rad1 Bc6 24. Nc3 Qe7 25. Nd5 Bxd5 26. exd5 Ng5 27. Nxg5 Qxg5 28. f4 Qd8 29. Rd3 a5 30.
Rg3 c6 31. d6 Qb6+ 32. Qd4 Qxd4+ 33. Rxd4 Rab8 34. Kf2 Rb4 35. Rgd3 g5 36. g3 g4 37. Ke3 Rb5 38. Re4 h5 39.
Kd4 Rd5+ 40. Ke3 Rb5 41. Rdd4 Kg7 42. Rd2 Kg6 43. Kf2 Kf5 44. Red4 Rh8 45. Ra4 h4 46. gxh4 Rxh4 47. Kg3 Rh3+ 48.
Kg2 Rf3 49. Rf2 Re3 50. Rc4 Re1 51. Rd2 Rb8 52. Rc5 Ra8 53. Rf2 Re3 54. Rc4 Re1 55. Ra4 Re3 56. b4 Re4 57. Rxa5 Rxa5 58. bxa5 Ra4 59. a6 Rxa6 60.
Kg3 Ra1 61. b4 Re1 62. Kg2 Re4 63. c3 Rxf4 64. Rxf4+ Kxf4 65. e6 fxe6 66. c4 Ke5 67. Kg3 Kxd6 68. Kxg4 Ke5 69. b5 d5 70.
b6 Kd6 71. c5+ Kd7 72. Kf4 d4 73. Ke4 e5 74. h4 1-0

[Event "Allsvenskan Div II 5 2021/2022: SS Manhem II - SK Proletaren"]
[Site "Schackcentrum, Vegatan 20, Gothenburg, Sweden"]
[Date "2022.04.10"]
[Round "1.5"]
[White "Larsson, Goran"]
[Black "Herrman, Jan"]
[Result "0-1"]
[TimeControl "90 minutes for 40 moves + 30 minutes for the rest of the game + 30 seconds per move from move one."]
[WhiteFideId "1731769"]
[BlackFideId "1731882"]
[WhiteElo "1605"]
[BlackElo "1872"]

1. d4 Nf6 2. c4 c5 3. e3 e6 4. Nc3 Be7 5. Nf3 O-O 6. Bd3 d5 7. O-O Nc6 8. b3 dxc4 9. bxc4 cxd4 10.
exd4 Qd6 11. Ne4 Nxe4 12. Bxe4 Bf6 13. Bb2 Rd8 14. Bxc6 bxc6 15. Qe2 Ba6 16. Rfd1 Rab8 17. Rab1 Qb4 18.
Nd2 Qa4 19. Bc3 c5 20. Rxb8 Rxb8 21. Ne4 Bxd4 22. Bxd4 cxd4 23. h3 Qxc4 24. Qxc4 Bxc4 25. Rxd4 Bxa2 26. Ra4 Bd5 27. Nc3 Rb7 28.
Ra5 Rd7 29. g4 f6 30. f4 Kf7 31. Kf2 Ba8 32. Nb5 Kg6 33. Nxa7 Rd3 34. Nc8 Bd5 35. h4 Rf3+ 36. Ke2 Rxf4 37.
Ne7+ Kf7 38. Nxd5 exd5 39. Rxd5 Rxg4 0-1

[Event "Allsvenskan Div II 5 2021/2022: SS Manhem II - SK Proletaren"]
[Site "Schackcentrum, Vegatan 20, Gothenburg, Sweden"]
[Date "2022.04.10"]
[Round "1.6"]
[White "Almemo, Fredrik"]
[Black "Nikolic, Ilija"]
[Result "1-0"]
[TimeControl "90 minutes for 40 moves + 30 minutes for the rest of the game + 30 seconds per move from move one."]
[WhiteFideId "1721186"]
[BlackFideId "1743120"]
[WhiteElo "1844"]
[BlackElo "1396"]

1. d4 d5 2. Nf3 Nc6 3. c4 dxc4 4. e4 Bg4 5. d5 Ne5 6. Bf4 Nxf3+ 7. gxf3 Bd7 8. Bxc4 e6 9. Qb3 Bd6 10.
Bxd6 cxd6 11. dxe6 fxe6 12. Bxe6 Nf6 13. Rg1 Qa5+ 14. Nc3 O-O-O 15. Rxg7 Rhf8 16. O-O-O Kb8 17. Rxd6 Ne8 18. Rdxd7 Rxd7 19.
Rxd7 Qg5+ 20. Kc2 Nc7 21. Nd5 Rc8 22. Rxc7 Rxc7+ 23. Nxc7 Qc5+ 24. Qc3 Qxf2+ 25. Kb1 Qf1+ 26. Qc1 Qxf3 27.
Na6+ 1-0

[Event "Allsvenskan Div II 5 2021/2022: SS Manhem II - SK Proletaren"]
[Site "Schackcentrum, Vegatan 20, Gothenburg, Sweden"]
[Date "2022.04.10"]
[Round "1.7"]
[White "Hitcher, Oscar"]
[Black "Svensson, Soren"]
[Result "0-1"]
[TimeControl "90 minutes for 40 moves + 30 minutes for the rest of the game + 30 seconds per move from move one."]
[WhiteFideId "1746901"]
[BlackFideId "1714937"]
[WhiteElo "1473"]
[BlackElo "1872"]

1. e4 e5 2. d4 exd4 3. Nf3 Nc6 4. Nxd4 Nf6 5. Nxc6 bxc6 6. Bd3 d5 7. exd5 cxd5 8. O-O Be7 9. Bb5+ Bd7 10.
Bxd7+ Qxd7 11. Bg5 O-O 12. Nc3 c6 13. Qf3 h6 14. Bh4 Nh7 15. Bxe7 Qxe7 16. a3 Ng5 17. Qd3 a5 18. Rfe1 Qf6 19.
Rad1 Rfe8 20. f3 Ne6 21. Na4 Qg5 22. Qd2 Nf4 23. Rxe8+ Rxe8 24. g3 Ne6 25. Qxg5 Nxg5 26. f4 Nf3+ 27.
Kf2 Nxh2 28. Nc5 Ng4+ 29. Kf3 h5 30. Rd3 Re1 31. a4 Rf1+ 32. Ke2 Rh1 33. Rd2 Nf6 34. Kf3 Re1 35. Nb3 Ne4 36.
Rd4 Rg1 37. Nxa5 Rxg3+ 38. Ke2 Rg6 39. b4 h4 40. Rd3 Rg2+ 41. Kf3 h3 42. Nb3 Rg3+ 43. Ke2 h2 44. Rd1 Rg1 0-1